 Dungeon Crawl Stone Soup version 0.21.1-1-g345015f (webtiles) character file.

617 rlgrobin the Shield-Bearer (level 7, 0/56 HPs)
             Began as a Formicid Fighter on Feb 10, 2018.
             Slain by an orc
             ... wielding a +0 short sword
              (3 damage)
             ... on level 6 of the Dungeon.
             The game lasted 00:11:43 (3721 turns).

rlgrobin the Shield-Bearer (Formicid Fighter)       Turns: 3721, Time: 00:11:43

Health: 0/56       AC:  7    Str: 23    XL:     7   Next: 74%
Magic:  7/7        EV:  9    Int:  7    God:
Gold:   198        SH:  7    Dex: 10    Spells: 6/6 levels left

rFire    . . .     SeeInvis +   a - +1 long sword
rCold    . . .     Gourm    .   o - +2 buckler
rNeg     . . .     Faith    .   b - +0 scale mail
rPois    .         Spirit   .   (helmet unavailable)
rElec    .         Reflect  .   (no cloak)
rCorr    .         Harm     .   (no gloves)
MR       .....                  (no boots)
Stlth    ..........             (no amulet)
HPRegen  0.18/turn              (no ring)
MPRegen  0.10/turn              (no ring)

@: no status effects
A: permanent stasis, dig shafts and tunnels, four strong arms, antennae 3
a: Dig, Shaft Self


You were on level 6 of the Dungeon.
You were hungry.

You visited 1 branch of the dungeon, and saw 6 of its levels.

You collected 198 gold pieces.


Innate Abilities, Weirdness & Mutations

You cannot be hasted, slowed, berserked, paralysed or teleported.
You can dig through walls and to a lower floor.
Your four strong arms can wield two-handed weapons with a shield.
You have a pair of large antennae on your head. (SInv)


   Skills:
 + Level 5.3 Fighting
 + Level 4.3 Long Blades
 + Level 5.4 Armour
 + Level 5.9 Shields


You had 6 spell levels left.
You didn't know any spells.

Inventory:

Hand Weapons
 a - a +1 long sword (weapon)
Armour
 b - a +0 scale mail (worn)
 c - a +0 shield
 n - a +0 pair of gloves
 o - a +2 buckler (worn)
 r - a +0 pair of gloves
Jewellery
 k - an uncursed ring of fire
Scrolls
 h - 3 scrolls of enchant weapon
 j - 2 scrolls of teleportation {@r4}
 q - 2 scrolls of remove curse
 t - a scroll of fog {unknown}
 w - a scroll of enchant armour {unknown}
Potions
 d - a potion of magic
 e - a potion of agility {unknown}
 g - a potion of heal wounds {unknown}
 i - 2 potions of degeneration {!q}
 l - a potion of curing {unknown}
 m - 2 potions of brilliance {unknown}
 p - 2 potions of ambrosia
 s - a potion of might
 u - a potion of resistance
Comestibles
 f - 13 rations

Dungeon Overview and Level Annotations

Branches:
Dungeon (6/15)
 Temple: D:4-7

Altars:
Ashenzari
Trog
Xom
Yredelemnul

▒.........▒+▒▒▒
▒▒▒▒▒.........▒...▒
..............+...▒
..............▒...▒
..............▒...▒
....<▒▒▒▒▒'▒▒▒▒...▒
.....▒............▒
.....▒............▒
.....+.....).▒▒▒a▒▒
.....▒.......▒.)oo......
.....▒▒▒▒▒▒▒▒▒........▒▒
..........▒ ...........▒
.............▒
.............▒
...!..........


You could see an orc warrior and an orc.


Message History

The orc warrior closely misses you!
The orc hits you with a short sword! * * * don't die
* * * You cut the orc warrior but do no damage!
The orc warrior is almost dead!
The orc warrior hits you with a mace! * * * don't die
* * * The orc barely misses you!
You riposte!
You cut the orc into ribbons!
The orc is severely wounded!
You take 4 damage, and have 12/56 hp!
You closely miss the orc warrior!
The orc warrior is almost dead!
The orc warrior closely misses you!
The orc hits you with a short sword! * * * don't die
* * * You block the orc's attack!
You take 5 damage, and have 7/56 hp!
You closely miss the orc warrior!
The orc warrior is almost dead!
The orc warrior hits you with a mace! * * * don't die
* * * The orc hits you with a short sword! * * * don't die
* * * You take 5 damage, and have 2/56 hp!
You barely miss the orc warrior!
The orc warrior is almost dead!
You block the orc warrior's attack! The orc hits you but does no damage!
Unknown command!
You carve the orc warrior but do no damage!
The orc warrior is almost dead!
You block the orc warrior's attack!
The orc hits you with a short sword! rip

Action                   |  1- 3 |  4- 6 |  7- 9 || total
-------------------------+-------+-------+-------++-------
Melee: Long sword        |    92 |   263 |    50 ||   405
 Abil: Dig               |       |     2 |       ||     2
  Use: Potion            |       |     1 |       ||     1
       Scroll            |       |    11 |       ||    11
  Eat: Chunk             |       |     5 |     1 ||     6
       Ration            |       |     1 |       ||     1
Armor: Scale mail        |    47 |    86 |    20 ||   153
Dodge: Dodged            |    34 |    88 |    28 ||   150
Block: Shield            |    50 |   117 |       ||   167
       Buckler           |       |    28 |    18 ||    46
       Rpst.: Long sword |    11 |    19 |     9 ||    39

Vault maps used:
D:1:      onia_arrival_mini_maze
D:2:      nicolae_overflow_crystal_walls, lemuel_zombie_altar_yredelemnul,
          uniq_natasha
D:3:      lightli_temple_of_fire, first_ration
D:4:      serial_undead, serial_undead_c, serial_undead_a, serial_undead_c,
          serial_undead_a
D:5:      overflow_temple_1_default
D:6:      temple_doors_cd

Notes
Turn   | Place    | Note
-------+----------+-------------------------------------------
     0 | D:1      | rlgrobin the Formicid Fighter began the quest for the Orb.
     0 | D:1      | Reached XP level 1. HP: 18/18 MP: 1/1
   122 | D:1      | Reached XP level 2. HP: 22/24 MP: 2/2
   318 | D:1      | Reached skill level 4 in Shields
   318 | D:1      | Reached XP level 3. HP: 29/29 MP: 3/3
   740 | D:2      | Found a shimmering altar of Xom.
   835 | D:2      | Reached XP level 4. HP: 26/37 MP: 4/4
  1055 | D:2      | Found a basalt altar of Yredelemnul.
  1113 | D:2      | Noticed Natasha
  1120 | D:2      | Killed Natasha
  1120 | D:2      | Reached skill level 4 in Fighting
  1120 | D:2      | Reached skill level 4 in Armour
  1203 | D:3      | Reached XP level 5. HP: 42/42 MP: 5/5
  1296 | D:3      | Reached skill level 3 in Long Blades
  2002 | D:3      | Found a bloodstained altar of Trog.
  2341 | D:4      | Reached XP level 6. HP: 46/49 MP: 6/6
  2355 | D:4      | Reached skill level 5 in Shields
  2536 | D:4      | Identified a potion of resistance
  2865 | D:4      | You fall through a shaft!
  2865 | D:5      | Entered Level 5 of the Dungeon
  2948 | D:5      | Found a shattered altar of Ashenzari.
  3168 | D:5      | Reached XP level 7. HP: 47/55 MP: 7/7
  3356 | D:5      | Reached skill level 5 in Armour
  3404 | D:5      | Reached skill level 5 in Fighting
  3404 | D:5      | Reached skill level 4 in Long Blades
  3719 | D:6      | HP: 4/56 [orc warrior/mace (3)]
  3721 | D:6      | Slain by an orc

Vanquished Creatures
  An ogre (D:5)
  A scorpion (D:5)
  2 bullfrog skeletons (D:4)
  A centaur skeleton (D:4)
  A hound (D:5)
  An orc priest (D:6)
  2 orc wizards (D:4)
  An iguana (D:6)
  Natasha (D:2)
  A worker ant (D:6)
  4 worker ant zombies
  A howler monkey skeleton (D:5)
  4 adders
  3 oozes
  2 adder skeletons
  An adder zombie (D:4)
  2 worms
  3 dart slugs
  2 leopard geckos
  10 orcs
  A ball python (D:3)
  7 bats
  3 giant cockroaches
  2 gnoll zombies (D:2)
  9 goblins
  6 hobgoblins
  7 jackals
  6 kobolds
  A quokka (D:2)
  6 frilled lizards
  A giant cockroach zombie (D:4)
  A leopard gecko skeleton (D:5)
  3 quokka skeletons
  A quokka zombie (D:4)
  6 rats
104 creatures vanquished.
